 Dungeon Crawl Stone Soup version 0.28.0-53-g5a82cb258f (webtiles) character file.

Game seed: 16260339013082579269

32 safid the Skirmisher (level 3, 0/33 HPs)
             Began as a Hill Orc Fighter on Aug 11, 2022.
             Slain by a gnoll
             ... wielding a +0 club
              (3 damage)
             ... on level 2 of the Dungeon.
             The game lasted 00:01:05 (1045 turns).

safid the Skirmisher (Hill Orc Fighter)             Turns: 1045, Time: 00:01:06

Health: 0/33       AC:  7    Str: 20    XL:     3   Next: 25%
Magic:  3/3        EV:  9    Int:  8    God:
Gold:   24         SH:  4    Dex: 10    Spells: 2/2 levels left

rFire   . . .      SeeInvis .   a - +0 war axe
rCold   . . .      Faith    .   c - +0 buckler
rNeg    . . .      Spirit   .   b - +0 scale mail
rPois   .          Reflect  .   (no helmet)
rElec   .          Harm     .   (no cloak)
rCorr   .          Rampage  .   (no gloves)
Will    .....                   (no boots)
Stlth   ..........              (no amulet)
HPRegen 0.11/turn               (no ring)
MPRegen 0.08/turn               (no ring)

@: no status effects
A: no striking features
a: no special abilities


You were on level 2 of the Dungeon.
You visited 1 branch of the dungeon, and saw 2 of its levels.

You collected 24 gold pieces.

Inventory:

Hand Weapons
 a - a +0 war axe (weapon)
Armour
 b - a +0 scale mail (worn)
 c - a +0 buckler (worn)
Jewellery
 e - a ring of fire
Potions
 d - a potion of might
 f - a potion of heal wounds {unknown}
 g - a potion of curing {unknown}
 h - a potion of mutation {unknown}


   Skills:
 - Level 4.0 Fighting
 + Level 3.3 Axes
 + Level 3.7 Armour
 + Level 3.7 Shields


You had 2 spell levels left.
You didn't know any spells.
Your spell library contained the following spells:

 Spells                   Type           Power      Damage    Failure   Level
 Tukima's Dance           Hex            0%         N/A       99%         3
 Anguish                  Hex/Necr       0%         N/A       100%        4
 Enfeeble                 Hex            0%         N/A       100%        7


Dungeon Overview and Level Annotations

Branches:
Dungeon (2/15)

Altars:


Message History

You hit the goblin.
You kill the goblin!
You feel sick.
The giant cockroach bites you but does no damage.
The gnoll throws a throwing net.
The throwing net barely misses you.
The giant cockroach bites you but does no damage.
The gnoll closely misses you.
You barely miss the giant cockroach.
The giant cockroach is heavily wounded.
You feel sick.
The giant cockroach bites you but does no damage.
The adder barely misses you. The gnoll closely misses you.
Unknown command.
Unknown command.
You barely miss the adder. You closely miss the giant cockroach.
You feel sick.
You are no longer poisoned.
The giant cockroach completely misses you.
The adder closely misses you.
The gnoll hits you from afar with a +0 spear.
You block the giant cockroach's attack. The adder bites you.
Unknown command.
You slash the adder!
The adder is severely wounded.
You hit the giant cockroach.
You kill the giant cockroach!
The adder misses you.
A rat comes into view.
The gnoll hits you from afar with a +0 spear!
* * * LOW HITPOINT WARNING * * *
The gnoll hits you from afar with a +0 spear.
* * * LOW HITPOINT WARNING * * *
The adder barely misses you.
You hit the adder.
The adder is severely wounded.
You barely miss the hobgoblin. You hit the gnoll. You block the gnoll's attack.
The gnoll barely misses you. You block the gnoll's attack.
You block the adder's attack.
The hobgoblin hits you but does no damage.
The gnoll hits you with a +0 club.
You die...

###########
..........####
.r..........
#.##g.)..#
#...gS@.(#
.......gg......>
...>...g...#####
#.#######?## <
.# .# .# .#


You could see 4 gnolls, an adder, a hobgoblin and a rat.

Vanquished Creatures
  A ball python (D:1)
  2 endoplasms (D:1)
  3 giant cockroaches
  2 goblins
  4 hobgoblins
  3 jackals (D:1)
  2 bats (D:1)
  2 frilled lizards (D:1)
  5 kobolds (D:1)
  4 rats (D:1)
28 creatures vanquished.

Notes
Turn   | Place    | Note
-------+----------+-------------------------------------------
     0 | D:1      | safid the Hill Orc Fighter began the quest for the Orb.
     0 | D:1      | Reached XP level 1. HP: 19/19 MP: 1/1
   289 | D:1      | Reached XP level 2. HP: 25/27 MP: 2/2
   722 | D:1      | Reached skill level 4 in Fighting
   768 | D:1      | Reached XP level 3. HP: 19/33 MP: 3/3
  1045 | D:2      | Slain by a gnoll

Illustrated notes

Levels and vault maps discovered:
D:1:      nzn_arrival_water_spiral, layout_basic, palyth_stone_intersect
D:2:      layout_basic

Skill      XL: |  1  2 |
---------------+-------+-----
Axes           | 3 |  3.3
Fighting       | 4 |  4.0
Armour         | |  3.7
Shields        | |  3.7

Action                   || total
-------------------------++-------
Melee: War axe           ||    72
Armor: Scale mail        ||    46
Dodge: Dodged            ||    40
Block: Buckler           ||    20
